 Dungeon Crawl Stone Soup version 0.19-a0-944-gb338e1e (webtiles) character file.

7767 st0uf the Blocker (level 11, -18/86 HPs)
             Began as a Formicid Fighter on July 9, 2016.
             Was a Believer of Uskayaw.
             Demolished by a hill giant
             ... wielding a +0 giant spiked club
              (37 damage)
             ... on level 10 of the Dungeon.
             The game lasted 00:48:49 (11241 turns).

st0uf the Blocker (Formicid Fighter)               Turns: 11241, Time: 00:48:50

Health: -18/86     AC: 12    Str: 22    XL:     11   Next: 43%
Magic:  11/15      EV: 13    Int:  7    God:    Uskayaw [**....]
Gold:   334        SH: 12    Dex: 13    Spells: 0 memorised, 10 levels left

rFire  . . .     SeeInvis +     a - +0 war axe
rCold  + . .     Gourm    .     b - +0 scale mail
rNeg   . . .     Faith    .     c - +0 shield
rPois  .         Spirit   .     (helmet unavailable)
rElec  .         Dismiss  .     N - +0 cloak (curse)
rCorr  .         Reflect  .     t - +0 pair of gloves
SustAt .         Harm     .     z - +0 pair of boots
MR     +....                    (no amulet)
Stlth  +.........               (no ring)
                                J - ring of protection from cold (curse)

@: somewhat resistant to hostile enchantments, very unstealthy
A: permanent stasis, dig shafts and tunnels, four strong arms, antennae 3,
talons 1
a: Dig, Shaft Self, Stomp, Line Pass, Renounce Religion


You were on level 10 of the Dungeon.
You worshipped Uskayaw.
Uskayaw was pleased with you.
You were not hungry.

You visited 2 branches of the dungeon, and saw 12 of its levels.
You also visited: Sewer.

You collected 445 gold pieces.
You spent 111 gold pieces at shops.

Inventory:

Hand Weapons
 a - a +0 war axe (weapon)
 r - a +0 hunting sling
Missiles
 i - 363 stones (quivered)
 p - 74 sling bullets
Armour
 b - a +0 scale mail (worn)
 c - a +0 shield (worn)
 t - a +0 pair of gloves (worn)
 z - a +0 pair of boots (worn)
 N - a cursed +0 cloak (worn)
Rods
 B - a +0 rod of inaccuracy (11/11)
   (You found it on level 5 of the Dungeon)
Jewellery
 H - an uncursed ring of wizardry {unknown}
 J - a cursed ring of protection from cold (left hand)
Wands
 w - a wand of iceblast (0/15)
 G - a wand of digging (18/24)
 L - a wand of flame (21/48)
 M - a wand of teleportation (3/9)
 P - a wand of digging (11/24)
Scrolls
 e - a scroll of enchant armour {unknown}
 h - 4 scrolls of remove curse
 j - 2 scrolls of amnesia {unknown}
 k - 3 scrolls of teleportation {unknown}
 o - a scroll of blinking {unknown}
 u - 2 scrolls of fog {unknown}
 x - 3 scrolls of fear {unknown}
 C - 2 scrolls of random uselessness {unknown}
 F - a scroll of enchant weapon {unknown}
 I - a scroll of magic mapping {unknown}
 K - a scroll of identify
 Q - a scroll of immolation {unknown}
Potions
 d - a potion of might
 g - 2 potions of curing
 l - 4 potions of flight
 n - 2 potions of lignification
 s - a potion of magic
 v - a potion of ambrosia {unknown}
 A - a potion of heal wounds
 O - 2 potions of agility
Books
 y - a book of Party Tricks

   Spells                             Type                      Level
   a - Summon Butterflies             Summoning                    1
   b - Apportation                    Translocation                1
   c - Tukima's Dance                 Hexes                        3
   d - Alistair's Intoxication        Transmutation/Poison         5
   e - Invisibility                   Hexes                        6
Comestibles
 f - 7 bread rations
 m - 7 meat rations
 D - a beef jerky
 E - 2 royal jellies


   Skills:
 + Level 7.8 Fighting
 + Level 7.9 Axes
 + Level 8.3 Armour
 + Level 6.1 Dodging
 + Level 3.7 Stealth
 + Level 9.7 Shields
 * Level 6.0 Invocations
 + Level 0.2 Evocations


You had 10 spell levels left.
You didn't know any spells.

Dungeon Overview and Level Annotations

Branches:
Dungeon (11/15)            Temple (1/1) D:6
   Lair: D:8-11         Orc: D:9-12

Altars:
Ashenzari
Cheibriados
Dithmenos
Elyvilon
Fedhas
Gozag
Hepliaklqana
Kikubaaqudgha
Makhleb
Nemelex Xobeh
Okawaru
Pakellas
Qazlal
Ru
Sif Muna
Trog
Uskayaw
Vehumet
Xom
Yredelemnul
Zin
The Shining One

Shops:
D:4 }   D:5 (   D:6 *


Innate Abilities, Weirdness & Mutations

You are under a permanent stasis effect.
You can dig through walls and to a lower floor.
Your four strong arms can wield two-handed weapons with a shield.
You have a pair of large antennae on your head. (SInv)
You have sharp toenails.


Message History

You hit the hill giant.
The hill giant is heavily wounded.
The hill giant closely misses you.
You barely miss the hill giant.
The hill giant is heavily wounded.
The hill giant hits you with a giant spiked club!!
* * * LOW HITPOINT WARNING * * *
Aiming: Line Pass
Press: ? - help, Dir - move target cursor The hill giant appears confused.
The jackal appears confused.
You feel quite a bit more hungry.
Found a scroll of remove curse.
You can no longer pass through a line of other dancers.
You catch the helpless jackal completely off-guard!
You slash the jackal!
You kill the jackal!
The hill giant seems less confused.
You can now pass through a line of other dancers.
The hill giant hits you with a giant spiked club!!!
You die...

....# #.####.# ####
....###....#.# .....
....'......#'## .....
....#####)....# ......
<.......'.....# ......
....#####.....####......
###.# #.....#.........
#.# #######......... #.#
###.....'C@....... #.#
#......##......?.. #.#
#......##...###### #.#
#......##...# #.#
#......##...# #.#
#......##.... #.#
#......####.. #.#
#.....## ... #.# #.#.#.#


You could see a hill giant.

Vanquished Creatures
  Erolcha (D:8)
  The ghost of tstbtto the Carver, a novice MiFi of Okawaru (D:9)
  Maurice (D:8)
  Psyche (D:10)
  A centaur zombie (D:7)
  A two-headed ogre (D:8)
  Sigmund (D:4)
  A vampire (D:11)
  A hippogriff (D:8)
  An ice beast (D:10)
  2 orc warriors
  5 sky beasts
  A black bear (D:4)
  5 phantoms
  2 necrophages
  6 ogres
  3 centaurs
  2 big kobolds
  A crocodile (D:7)
  6 giant frogs
  A scorpion (D:8)
  A wyvern skeleton (D:8)
  12 killer bees
  4 electric eels (D:7)
  A howler monkey (D:4)
  6 crimson imps
  3 giant frog zombies
  2 orc priests
  A hound (D:4)
  2 giant frog skeletons
  A centaur skeleton (D:7)
  2 iguanas
  8 orc wizards
  6 worker ants
  2 hound skeletons
  A howler monkey skeleton (D:4)
  14 adders
  2 river rats (Sewer)
  5 shadow imps
  2 oozes
  2 adder skeletons
  An adder zombie (D:8)
  4 worms
  5 dart slugs
  4 giant geckos
  22 orcs
  7 bats
  4 giant cockroaches
  5 goblins
  9 hobgoblins
  13 jackals
  13 kobolds
  4 quokkas
  A giant gecko zombie (D:5)
  4 giant newts
  A quokka skeleton (D:4)
  10 rats
228 creatures vanquished.

Vanquished Creatures (others)
  8 plants (D:7)
8 creatures vanquished.

Grand Total: 236 creatures vanquished

Notes
Turn   | Place    | Note
-------+----------+-------------------------------------------
     0 | D:1      | st0uf the Formicid Fighter began the quest for the Orb.
     0 | D:1      | Reached XP level 1. HP: 18/18 MP: 1/1
    91 | D:1      | Reached XP level 2. HP: 23/24 MP: 2/2
   188 | D:1      | Reached skill level 4 in Shields
   389 | D:1      | Reached XP level 3. HP: 22/29 MP: 3/3
   466 | D:1      | You fall through a shaft!
   816 | D:2      | Reached XP level 4. HP: 35/35 MP: 4/4
  1081 | D:2      | Reached skill level 1 in Dodging
  1222 | D:3      | Reached XP level 5. HP: 35/42 MP: 5/5
  1732 | D:3      | Reached skill level 5 in Shields
  1733 | D:3      | Reached skill level 1 in Stealth
  1733 | D:3      | Reached XP level 6. HP: 30/48 MP: 6/6
  1738 | D:3      | Identified Sif Muna's Catalogue of Unholy Rituals
  1761 | D:3      | Found a deep blue altar of Sif Muna.
  2005 | D:4      | Noticed an ogre
  2037 | D:4      | Noticed Sigmund
  2056 | D:3      | Noticed an ogre
  2068 | D:3      | Killed an ogre
  2095 | D:3      | Reached XP level 7. HP: 41/55 MP: 7/7
  2191 | D:4      | Found a glowing drain.
  2195 | Sewer    | Entered a sewer
  2434 | Sewer    | Found a white marble altar of Elyvilon.
  2675 | D:4      | Killed Sigmund
  2675 | D:4      | Reached skill level 5 in Fighting
  2675 | D:4      | Reached skill level 5 in Armour
  2675 | D:4      | Reached skill level 6 in Shields
  2800 | D:3      | Reached XP level 8. HP: 39/62 MP: 8/8
  3492 | D:4      | Found an oddly glowing altar of Pakellas.
  3492 | D:4      | Found Pakellas's Prime Provisions.
  3520 | D:5      | Entered Level 5 of the Dungeon
  3989 | D:5      | Identified a +0 rod of inaccuracy (11/11) (You found it on level 5 of the Dungeon)
  4101 | D:5      | Found Idijoss's Weapon Boutique.
  4172 | D:5      | Reached XP level 9. HP: 63/69 MP: 9/9
  4222 | D:5      | Reached skill level 7 in Shields
  4511 | D:6      | Reached skill level 5 in Axes
  4929 | D:6      | Found a staircase to the Ecumenical Temple.
  4932 | Temple   | Entered the Ecumenical Temple
  4981 | Temple   | Became a worshipper of Uskayaw the Reveler
  5022 | D:6      | Found Ihesujol's Assorted Antiques.
  5028 | D:6      | Bought a sedimented inky potion for 27 gold pieces
  5028 | D:6      | Bought a white potion for 27 gold pieces
  5028 | D:6      | Bought an orange potion for 27 gold pieces
  5028 | D:6      | Bought a scroll labeled WICEUTROESU for 30 gold pieces
  5150 | D:6      | Found a sacrificial altar of Ru.
  5314 | D:6      | Reached * piety under Uskayaw
  5346 | D:7      | Reached ** piety under Uskayaw
  5455 | D:6      | Found a burning altar of Makhleb.
  5804 | D:7      | Reached *** piety under Uskayaw
  5813 | D:7      | Reached skill level 8 in Shields
  5815 | D:7      | Reached **** piety under Uskayaw
  5818 | D:7      | Reached ***** piety under Uskayaw
  6277 | D:7      | Reached skill level 5 in Dodging
  6277 | D:7      | Reached skill level 1 in Invocations
  6277 | D:7      | Reached XP level 10. HP: 65/77 MP: 9/11
  8106 | D:8      | Found a sacrificial altar of Ru.
  8127 | D:8      | Noticed Erolcha
  8146 | D:7      | Gained mutation: You have sharp toenails. [potion of beneficial mutation]
  8241 | D:8      | Killed Erolcha
  8241 | D:8      | Reached skill level 9 in Shields
  8507 | D:8      | Noticed Maurice
  8689 | D:8      | Killed Maurice
  8689 | D:8      | Reached XP level 11. HP: 80/84 MP: 14/14
  8887 | D:9      | Noticed tstbtto's ghost (novice MiFi)
  9157 | D:8      | Reached skill level 5 in Invocations
  9884 | D:9      | Killed tstbtto's ghost
 10514 | D:9      | Noticed a skeletal warrior
 10529 | D:9      | You fall through a shaft for 2 floors!
 10827 | D:10     | Entered Level 10 of the Dungeon
 10895 | D:10     | Noticed Psyche
 10913 | D:10     | Killed Psyche
 11227 | D:10     | Noticed a hill giant
 11241 | D:10     | Demolished by a hill giant

Vault maps used:
D:1:      nicolae_arrival_somewhat_less_tricky_arrival
D:3:      first_bread, led_sif_book
D:4:      black_bear_nest_2, gup_sewer_entry_bowl, johnstein_pakellas_shop,
          uniq_sigmund
D:5:      serial_shops, shop, kennysheep_potato
D:6:      marbit_many_paths, serial_shops, nicolae_shop_overgrown_old_shop,
          makhleb_blood_cavern_becter
D:7:      wad_lake_hut
D:8:      basic_altar, uniq_maurice, uniq_erolcha
D:9:      hangedman_screamer, hangedman_fish_farm, grunt_decor_cap
D:10:     grunt_decor_clamped, hangedman_abyss_or_decor_clamps, uniq_psyche
D:11:     david_lair_generic, enter_trove_1
Temple:   grunt_wide_crystal_templ
Sewer:    sewer_kobolds

Skill      XL: |  1  2  3  4  5  6  7  8  9 10 11 |
---------------+----------------------------------+-----
Shields        | 4 5 6 8 9 |  9.7
Armour         | 4 5 6 7 8 |  8.3
Dodging        | 1 2 4 5 6 |  6.1
Fighting       | 4 5 6 7 |  7.8
Stealth        | 1 3 |  3.7
Axes           | 3 4 6 7 |  7.9
Invocations    | 1 4 6 |  6.0
Evocations     | |  0.2

Action                   |  1- 3 |  4- 6 |  7- 9 | 10-12 || total
-------------------------+-------+-------+-------+-------++-------
Melee: War axe           |   105 |   148 |   491 |   447 ||  1191
Invok: Stomp             |       |       |     2 |     8 ||    10
       Line Pass         |       |       |       |     2 ||     2
 Abil: Dig               |     2 |     2 |     3 |     5 ||    12
       Shaft Self        |       |       |       |     1 ||     1
Evoke: Wand              |       |       |       |     5 ||     5
  Use: Scroll            |       |       |     1 |     9 ||    10
       Potion            |       |       |       |     4 ||     4
 Stab: Paralysed         |       |       |       |    14 ||    14
       Confused          |       |       |       |     1 ||     1
  Eat: Chunk             |       |     5 |    15 |    14 ||    34
       Pizza             |       |       |       |     2 ||     2
       Beef jerky        |       |       |       |     1 ||     1
Armor: Scale mail        |    49 |    59 |   148 |   122 ||   378
Dodge: Dodged            |    35 |    57 |   192 |   226 ||   510
Block: Shield            |    49 |    94 |   257 |   282 ||   682
